 Dungeon Crawl Stone Soup version 0.26-a0-651-gb41185065b (webtiles) character file.

Game seed: 9232580585531811984

175 gbos the Grave Robber (level 5, 0/42 HPs)
             Began as a Deep Dwarf Necromancer on Oct 9, 2020.
             Slain by an orc
             ... wielding a +0 hand axe
              (1 damage)
             ... on level 3 of the Dungeon.
             The game lasted 00:13:21 (2404 turns).

gbos the Grave Robber (Deep Dwarf Necromancer)      Turns: 2404, Time: 00:13:22

Health: 0/42       AC:  4    Str: 11    XL:     5   Next: 29%
Magic:  2/9        EV: 12    Int: 17    God:
Gold:   72         SH:  0    Dex: 13    Spells: 7/11 levels left

rFire    . . .     SeeInvis .   f - +0 whip
rCold    . . .     Faith    .   (no shield)
rNeg     . . .     Spirit   .   h - +2 robe {MR+}
rPois    .         Reflect  .   (no helmet)
rElec    .         Harm     .   (no cloak)
rCorr    .         Rampage  .   (no gloves)
MR       +....                  (no boots)
Stlth    ++........             (no amulet)
HPRegen  0.00/turn              (no ring)
MPRegen  0.11/turn              g - ring of flight

@: flying, non-regenerating
A: damage resistance, heal wounds, sense surroundings 1, no regeneration
a: Heal Wounds


You were on level 3 of the Dungeon.
You visited 1 branch of the dungeon, and saw 3 of its levels.

You collected 72 gold pieces.


Innate Abilities, Weirdness & Mutations

You are resistant to damage.
You can heal yourself by infusing magical energy.
You passively map a small area around you.
You do not regenerate.


   Skills:
 - Level 2.1 Dodging
 - Level 2.4 Stealth
 + Level 3.5 Spellcasting
 + Level 6.0 Necromancy


You had 7 spell levels left.
You knew the following spells:

 Your Spells              Type           Power        Failure   Level
x - Vampiric Draining     Necr           ###.......   4%          3
z - Pain                  Necr           ###.         1%          1

Your spell library contained the following spells:

 Spells                   Type           Power        Failure   Level
 Animate Skeleton         Necr           ###...       1%          1
 Animate Dead             Necr           ###.......   14%         4
 Agony                    Necr           ###.....     36%         5

Inventory:

Hand Weapons
 f - a +0 whip (weapon)
Missiles
 d - 4 boomerangs (quivered)
 e - 25 sling bullets
Armour
 a - a +0 robe
 h - a +2 robe of magic resistance (worn)
Jewellery
 g - a ring of flight (right hand)
Scrolls
 b - 2 scrolls of identify {@r1}
Potions
 i - a potion of curing {@q1}

Dungeon Overview and Level Annotations

Branches:
Dungeon (3/15)

Altars:
Ashenzari
Zin

Annotations:
D:2 Natasha

, , ... ░ ░ ,
..., , ▒o▒ ░░ ░
░ ░░ ▒.▒ ░ , ░
▒o▒ ░ ░ ░ ░ ▒.▒
░ ░ ▒)▒ ,
▒▒▒▒▒▒▒▒▒▒▒▒▒.▒
▒.......ggoooo▒
,░ ░
▒.▒▒▒▒▒▒▒▒▒▒▒▒▒
░ ░ ░ ░░,░
▒.▒▒▒▒ ,, ░ , ░
▒g...▒ ▒.▒░ ░░
▒▒▒▒g▒ ▒.▒ ,
▒.▒ ▒.▒ ░, ▒.▒
▒.▒ ▒g▒ ▒.▒ ░,
, ▒.▒ ▒.▒ , ,,


You could see a gnoll and 4 orcs.


Message History

The orc closely misses you.
You hit the gnoll but do no damage.
The gnoll is moderately wounded.
The gnoll hits you with a +0 club.
* * * LOW HITPOINT WARNING * * *
The orc hits you with a +0 hand axe.
You barely miss the gnoll.
The gnoll is moderately wounded.
The gnoll hits you with a +0 club.
* * * LOW HITPOINT WARNING * * *
The orc closely misses you.
You hit the gnoll but do no damage.
The gnoll is moderately wounded.
The gnoll hits you but does no damage. The orc hits you but does no damage.
You hit the gnoll.
The gnoll is severely wounded.
The gnoll hits you but does no damage. The orc hits you with a +0 hand axe.
* * * LOW HITPOINT WARNING * * *
You closely miss the gnoll.
The gnoll is severely wounded.
The gnoll misses you. The orc hits you but does no damage.
You hit the gnoll but do no damage.
The gnoll is severely wounded.
The gnoll hits you with a +0 club.
* * * LOW HITPOINT WARNING * * *
The orc hits you with a +0 hand axe.
You die...

Action                   |  1- 3 |  4- 6 || total
-------------------------+-------+-------++-------
Melee: Club              |    14 |       ||    14
       Unarmed           |     3 |       ||     3
       Whip              |     2 |    34 ||    36
 Cast: Pain              |    53 |    18 ||    71
       Vampiric Draining |     1 |     4 ||     5
 Abil: Heal Wounds       |       |     2 ||     2
  Use: Potion            |     4 |     2 ||     6
       Scroll            |     2 |     1 ||     3
Armor: Robe              |     4 |    12 ||    16
Dodge: Dodged            |    28 |    37 ||    65

Levels and vault maps discovered:
D:1:      dpeg_arrival_rooms_b, layout_loops_ring, minivault_11,
          grunt_decor_arrowhead
D:2:      layout_loops_cross, zin_academy, old_standard_altar,
          corexii_corridor_pit, uniq_jessica, uniq_terence, uniq_natasha
D:3:      layout_loops_ring, chequers_ecumenical_altar_island, minmay_cupped,
          uniq_ijyb

Notes
Turn   | Place    | Note
-------+----------+-------------------------------------------
     0 | D:1      | gbos the Deep Dwarf Necromancer began the quest for the
                  | Orb.
     0 | D:1      | Reached XP level 1. HP: 15/15 MP: 3/3
   120 | D:1      | HP: 1/15 [hobgoblin (2)]
   205 | D:1      | Reached skill level 2 in Spellcasting
   290 | D:1      | Reached XP level 2. HP: 17/22 MP: 3/5
  1122 | D:2      | Noticed Terence
  1245 | D:2      | Reached XP level 3. HP: 22/28 MP: 3/6
  1285 | D:2      | Reached skill level 5 in Necromancy
  1683 | D:2      | Noticed Natasha
  1752 | D:2      | Found a glowing silver altar of Zin.
  1790 | D:2      | Found a broken altar of Ashenzari.
  1807 | D:2      | Noticed Jessica
  1898 | D:2      | Learned a level 3 spell: Vampiric Draining
  2030 | D:2      | Killed Jessica
  2030 | D:2      | Reached XP level 4. HP: 18/36 MP: 1/8
  2155 | D:2      | Killed Natasha
  2155 | D:2      | Reached skill level 3 in Spellcasting
  2275 | D:2      | Killed Terence
  2276 | D:2      | Noticed Natasha
  2286 | D:2      | Killed Natasha
  2286 | D:2      | Reached XP level 5. HP: 26/42 MP: 0/10
  2287 | D:2      | Noticed Natasha
  2369 | D:3      | Reached skill level 6 in Necromancy
  2399 | D:3      | HP: 4/42 [gnoll/+0 club (3)]
  2404 | D:3      | HP: 1/42 [gnoll/+0 club (1)]
  2404 | D:3      | Slain by an orc

Vanquished Creatures
  Jessica (D:2)
  Terence (D:2)
  Natasha (twice) (D:2)
  3 gnolls (D:3)
  An adder (D:2)
  An orc (D:3)
  A giant cockroach (D:1)
  5 goblins
  6 hobgoblins
  2 jackals (D:2)
  4 kobolds
  2 quokkas (D:2)
  A ball python (D:2)
  3 bats (D:1)
  3 frilled lizards
  2 rats
38 creatures vanquished.
